Map: [ESL] Inside and Out

Players

ShoWTimE - Winner!

  • Race: Protoss Protoss
  • Spawn Location: 1:00

GunGFuBanDa

  • Race: Protoss Protoss
  • Spawn Location: 7:00

Event: DreamHack SC2 Masters 2022 Atlanta (Online)

VOD

Have the link to the VOD?

Description

Time

  • Played on: Oct. 14, 2022, 10:11 a.m.
  • Length: 10:00

All games in this series

Show
View Real Time Build Order
Export as new Build Order

ShoWTimE Protoss - Winner!

Build Orders: 1 Gate Expand, Phoenix Opening, Zealot Archon 

Get SALT Encoding   

  12  0:00  Probe  
  13  0:12  Probe  
  14  0:17  Pylon  
  14  0:24  Probe (Chrono Boost)  
  15  0:36  Probe (Chrono Boost)  
  15  0:37  Gateway  
  16  0:44  Probe (Chrono Boost)  
  16  0:46  Assimilator  
  17  0:50  Probe  
  18  1:03  Probe  
  19  1:15  Probe  
  20  1:22  Nexus  
  20  1:33  Cybernetics Core  
  20  1:35  Probe  
  21  1:42  Assimilator  
  21  1:48  Probe  
  21  1:51  Pylon  
  22  2:00  Probe  
  23  2:07  Adept (Chrono Boost)  
  23  2:11  Warp Gate  
  23  2:12  Probe  
  26  2:23  Stargate  
  26  2:24  Probe  
  27  2:31  Stalker  
  27  2:34  Probe  
  30  2:37  Probe  
  30  2:42  Shield Battery  
  31  2:48  Probe  
  31  2:49  Probe  
  33  2:57  Shield Battery  
  33  3:01  Stalker  
  35  3:05  Shield Battery  
  35  3:11  Phoenix (Chrono Boost)  
  37  3:18  Shield Battery, Probe  
  37  3:19  Probe  
  39  3:30  Probe  
  39  3:31  Probe  
  39  3:32  Phoenix  
  36  3:42  Probe  
  36  3:43  Probe  
  36  3:48  Pylon  
  38  3:55  Probe x2  
  40  3:57  Phoenix  
  42  4:07  Probe x2  
  42  4:08  Gateway  
  44  4:19  Probe x2  
  44  4:25  Phoenix  
  44  4:27  Robotics Facility  
  44  4:31  Probe x2  
  48  4:39  Pylon  
  48  4:43  Sentry, Probe x2  
  52  4:46  Forge  
  52  4:51  Assimilator, Pylon  
  52  4:56  Probe x2  
  54  5:01  Assimilator  
  54  5:02  Phoenix  
  56  5:08  Probe  
  56  5:11  Probe  
  56  5:12  Pylon  
  58  5:16  Immortal (Chrono Boost)  
  62  5:21  Pylon  
  62  5:28  Protoss Ground Weapons Level 1 (Chrono Boost)  
  62  5:33  Probe  
  62  5:34  Adept x2  
  67  5:36  Probe  
  67  5:45  Immortal (Chrono Boost)  
  70  5:55  Probe x2  
  71  6:01  Sentry  
  73  6:04  Pylon  
  73  6:06  Phoenix  
  73  6:07  Probe  
  74  6:16  Nexus  
  74  6:19  Immortal (Chrono Boost)  
  74  6:25  Shield Battery  
  78  6:31  Twilight Council  
  78  6:32  Phoenix  
  78  6:34  Probe x2  
  80  6:46  Probe x2  
  82  6:50  Gateway  
  82  6:52  Observer, Gateway  
  83  6:58  Probe (Chrono Boost)  
  85  7:03  Probe (Chrono Boost)  
  86  7:08  Charge, Templar Archives, Probe (Chrono Boost)  
  86  7:12  Probe (Chrono Boost)  
  86  7:13  Probe (Chrono Boost), Pylon  
  88  7:19  Warp Prism (Chrono Boost)  
  88  7:22  Probe  
  91  7:25  Probe  
  91  7:27  Protoss Ground Weapons Level 2 (Chrono Boost)  
  92  7:32  Gateway  
  92  7:34  Gateway, Probe  
  93  7:38  Probe  
  94  7:45  Probe  
  94  7:46  Probe  
  94  7:50  Probe  
  94  7:51  Zealot x2, High Templar x2  
  99  7:53  Pylon  
  99  7:55  Archon  
  99  7:57  Probe  
  106  8:03  Gateway  
  106  8:04  Gateway  
  106  8:05  Pylon  
  106  8:09  Probe x2  
  106  8:10  Probe  
  106  8:11  Pylon  
  106  8:12  High Templar x2  
  113  8:15  Archon, Assimilator  
  113  8:20  Assimilator  
  113  8:21  Pylon  
  113  8:22  Probe x2  
  113  8:23  Phoenix  
  113  8:26  Zealot x3  
  121  8:28  High Templar  
  123  8:35  Pylon  
  123  8:44  Pylon  
  123  8:45  High Templar  
  123  8:46  Zealot, Gateway  
  127  8:49  Gateway  
  127  8:50  Archon  
  127  8:51  Zealot  
  127  8:52  Zealot x2  
  133  8:59  Nexus  
  133  9:07  High Templar  
  133  9:08  Zealot x2, High Templar  
  141  9:13  Archon  
  141  9:18  Zealot x2  
  141  9:19  Zealot x2  
  149  9:25  Pylon  
  135  9:38  Zealot x3  
  135  9:39  Zealot x3  
  135  9:44  Zealot x4  
Show
View Real Time Build Order
Export as new Build Order

GunGFuBanDa Protoss 

Build Orders: Oracle Opening 

Get SALT Encoding   

  12  0:00  Probe  
  13  0:12  Probe  
  14  0:16  Pylon  
  14  0:24  Probe (Chrono Boost)  
  15  0:36  Probe (Chrono Boost)  
  15  0:37  Gateway  
  16  0:44  Probe (Chrono Boost)  
  16  0:46  Assimilator  
  17  0:51  Probe  
  17  0:55  Assimilator  
  18  1:03  Probe (Chrono Boost)  
  19  1:09  Gateway  
  19  1:14  Probe (Chrono Boost)  
  20  1:18  Probe (Chrono Boost)  
  21  1:27  Cybernetics Core  
  21  1:29  Probe  
  22  1:35  Pylon  
  22  1:41  Probe  
  23  2:04  Adept, Stargate  
  23  2:05  Adept  
  27  2:09  Warp Gate  
  27  2:11  Probe  
  28  2:16  Pylon  
  28  2:24  Probe  
  29  2:45  Oracle (Chrono Boost)  
  32  2:55  Shield Battery  
  32  2:58  Stalker  
  33  3:08  Probe  
  34  3:13  Oracle (Chrono Boost)  
  37  3:23  Pylon  
  36  3:40  Nexus  
  36  3:41  Probe  
  36  3:45  Twilight Council  
  34  3:54  Probe  
  35  4:00  Stalker x2  
  38  4:06  Probe  
  39  4:18  Probe (Chrono Boost)  
  39  4:20  Blink (Chrono Boost)  
  40  4:30  Probe (Chrono Boost)  
  41  4:34  Pylon  
  41  4:38  Probe (Chrono Boost), Stalker  
  39  4:41  Stalker  
  43  4:46  Probe (Chrono Boost)  
  43  4:52  Probe (Chrono Boost)  
  46  5:01  Probe x2 (Chrono Boost)  
  46  5:06  Stalker  
  49  5:08  Probe, Stalker  
  49  5:10  Probe  
  53  5:20  Probe  
  54  5:24  Probe  
  55  5:33  Stalker  
  55  5:34  Stalker  
  58  5:36  Probe  
  58  5:37  Probe  
  58  5:39  Forge  
  60  5:48  Probe  
  60  5:49  Probe  
  57  6:00  Probe  
  57  6:01  Probe  
  57  6:02  Stalker x2  
  63  6:14  Probe (Chrono Boost)  
  63  6:15  Protoss Ground Weapons Level 1 (Chrono Boost)  
  63  6:17  Probe (Chrono Boost)  
  65  6:24  Nexus  
  66  6:26  Sentry, Pylon  
  66  6:29  Probe (Chrono Boost)  
  66  6:30  Probe (Chrono Boost)  
  69  6:33  Pylon  
  69  6:36  Probe  
  69  6:38  Assimilator  
  70  6:40  Gateway  
  70  6:41  Gateway  
  70  6:44  Probe  
  70  6:46  Shield Battery  
  71  6:48  Probe  
  72  6:56  Probe (Chrono Boost)  
  72  6:58  Sentry, Stalker  
  78  7:02  Pylon  
  78  7:05  Probe (Chrono Boost)  
  78  7:07  Pylon  
  78  7:08  Probe (Chrono Boost)  
  79  7:11  Pylon  
  79  7:14  Probe (Chrono Boost)  
  79  7:15  Probe (Chrono Boost)  
  80  7:22  Robotics Facility  
  81  7:24  Probe  
  81  7:25  Probe  
  83  7:31  Pylon  
  83  7:33  Stalker x2  
  83  7:36  Probe x2  
  90  7:37  Probe  
  86  7:50  Probe (Chrono Boost)  
  89  7:53  Probe (Chrono Boost)  
  89  7:55  Probe (Chrono Boost)  
  89  7:57  Pylon  
  89  7:58  Gateway x2  
  90  7:59  Probe (Chrono Boost)  
  90  8:00  Photon Cannon  
  90  8:01  Stalker  
  90  8:02  Probe (Chrono Boost)  
  90  8:04  Probe  
  90  8:05  Probe  
  94  8:09  Observer  
  94  8:10  Assimilator x2  
  96  8:15  Robotics Bay  
  96  8:25  Stalker x2  
  100  8:27  Pylon  
  100  8:31  Observer  
  101  8:34  Photon Cannon  
  101  8:43  Photon Cannon, Assimilator  
  101  8:45  Stalker  
  101  8:46  Stalker  
  105  8:49  Shield Battery  
  105  8:57  Stalker x3  
  105  8:58  Stalker  
  105  9:01  Disruptor (Chrono Boost)  
  115  9:12  Shield Battery  
  111  9:20  Probe  
  111  9:21  Probe  
  113  9:27  Stalker  
  113  9:28  Stalker  
  113  9:29  Zealot x2, Stalker  
  126  9:34  Probe  
  119  9:40  Zealot  
  108  9:46  Probe  
  108  9:47  Probe  
  108  9:52  Zealot  
Tags
 
Add a new tag
Caveats
  • Supply blocks, unpowered buildings, or Contaminate may cause inaccurate times.
  • Supply counts are checked every 10 seconds.